 Dungeon Crawl Stone Soup version 0.25-a0-1119-g28b6fd0c3b (webtiles) character file.

Game seed: 4248585814062413576, levelgen mode: deterministic

107 Esekla the Magician (level 4, -1/27 HPs)
             Began as an Octopode Wizard on May 18, 2020.
             Slain by an orc
             ... wielding a +0 dagger
              (3 damage)
             ... on level 6 of the Dungeon.
             The game lasted 00:20:20 (3487 turns).

Esekla the Magician (Octopode Wizard)               Turns: 3487, Time: 00:20:20

Health: -1/27      AC:  1    Str:  7    XL:     4   Next: 85%
Magic:  5/10       EV: 13    Int: 20    God:
Gold:   82         SH:  0    Dex: 10    Spells: 2/11 levels left

rFire    . . .     SeeInvis .   q - +0 rapier
rCold    . . .     Gourm    .   (no shield)
rNeg     . . .     Faith    +   a - +0 hat
rPois    .         Spirit   .   r - amulet of faith
rElec    .         Reflect  .   (no ring)
rCorr    .         Harm     .   (no ring)
MR       .....                  (no ring)
Stlth    +++.......             (no ring)
HPRegen  0.09/turn              (no ring)
MPRegen  0.12/turn              (no ring)
                                (no ring)
                                (no ring)

@: no status effects
A: almost no armour, stealthy swim, amphibious, 8 rings, constrict 8, camouflage
1, gelatinous body 1
a: no special abilities


You were on level 6 of the Dungeon.
You were hungry.

You visited 1 branch of the dungeon, and saw 6 of its levels.

You collected 82 gold pieces.

Inventory:

Hand Weapons
 m - a +0 trident
 q - a +0 rapier (weapon)
Missiles
 o - 17 poisoned darts (quivered)
Armour
 a - a +0 hat (worn)
Jewellery
 r - an amulet of faith (around mantle)
Wands
 s - a wand of flame (19)
Scrolls
 d - 2 scrolls of random uselessness {unknown}
 g - 2 scrolls of identify {unknown}
 h - a scroll of enchant weapon {unknown}
 j - a scroll of remove curse {unknown}
 n - a scroll of fear {unknown}
 p - a scroll of magic mapping {unknown}
Potions
 b - 3 potions of curing {unknown}
 e - 2 potions of degeneration {unknown}
 f - a potion of invisibility {unknown}
 i - 2 potions of mutation {unknown}
 k - a potion of haste {unknown}
 l - a potion of stabbing {unknown}
 t - a potion of heal wounds {unknown}
Comestibles
 c - 6 rations


   Skills:
 * Level 0.8 Fighting
 + Level 0.6 Short Blades
 + Level 2.1 Dodging
 - Level 2.6 Stealth
 * Level 4.1 Spellcasting
 + Level 1.9 Conjurations
   Level 1.0 Summonings
 * Level 1.5 Translocations
 * Level 0.3 Air Magic
 * Level 1.1 Poison Magic


You had 2 spell levels left.
You knew the following spells:

 Your Spells              Type           Power        Failure   Level  Hunger
a - Magic Dart            Conj           ##..         6%          1    None
b - Blink                 Tloc           N/A          11%         2    #......
c - Mephitic Cloud        Conj/Pois/Air  #.......     24%         3    ###....
f - Conjure Flame         Conj/Fire      #.......     26%         3    ###....

Your spell library contained the following spells:

 Spells                   Type           Power        Failure   Level  Hunger
 Call Imp                 Summ           #.......     13%         2    #......
 Slow                     Hex            #.......     19%         2    #......


Dungeon Overview and Level Annotations

Branches:
Dungeon (6/15)
 Temple: D:4-7

Altars:
Cheibriados
Qazlal
Wu Jian


Innate Abilities, Weirdness & Mutations

You cannot wear most types of armour.
You are very stealthy in the water. (Stealth+)
You are amphibious.
You can wear up to eight rings at the same time.
You can use your tentacles to constrict eight enemies at once.
Your skin changes colour to match your surroundings (Stealth+).
Your rubbery body absorbs attacks. (AC +1, EV +1)


Message History

The magic dart hits you!
* * * LOW HITPOINT WARNING * * *
The orc priest is engulfed in noxious fumes.
The orc priest appears confused.
The orc is engulfed in noxious fumes.
The orc appears confused.
You kill the orc!
The orc wizard gestures wildly while chanting.
The orc wizard blinks!
You open the door.
The orc priest is engulfed in noxious fumes.
The orc priest appears confused.
There is an open door here.
You close the door.
Something unseen opens the door.
The orc wizard gestures wildly while chanting.
The orc wizard blinks!
You hit the orc. You grab the orc.
The orc is heavily wounded.
You feel yourself speed up.
You constrict the orc. The orc hits you with a +0 dagger.
You die...

#.....#
+.....##+##
#.....#...#
#.....#...#
#.....#...#
#.....'...#
#.....#...#
#.....#...######
+.oo..#...##@..#
#.....#...##o..#
#.....#....o...#
#...o.#........#
#.).<.#........#
#.....#........#
#.....#........#
#.....##########
#######


You could see an orc wizard and an orc.

Vanquished Creatures
  3 adders (D:3)
  An adder zombie (D:3)
  2 worms
  A dart slug (D:1)
  2 leopard geckos (D:2)
  3 orcs
  7 bats
  3 giant cockroaches
  6 goblins
  9 hobgoblins
  5 jackals (D:3)
  A quokka (D:2)
  2 ball pythons (D:3)
  5 frilled lizards
  5 kobolds
  6 rats
61 creatures vanquished.

Notes
Turn   | Place    | Note
-------+----------+-------------------------------------------
     0 | D:1      | Esekla the Octopode Wizard began the quest for the Orb.
     0 | D:1      | Reached XP level 1. HP: 11/11 MP: 4/4
   508 | D:1      | Reached XP level 2. HP: 17/17 MP: 3/6
   512 | D:1      | Learned a level 2 spell: Blink
  1491 | D:2      | Reached XP level 3. HP: 22/22 MP: 6/8
  1713 | D:2      | Learned a level 3 spell: Mephitic Cloud
  1717 | D:2      | Learned a level 3 spell: Conjure Flame
  2008 | D:2      | Found a stormy altar of Qazlal.
  2379 | D:3      | Found an ornate altar of the Wu Jian Council.
  2426 | D:3      | Reached XP level 4. HP: 19/27 MP: 6/9
  2439 | D:3      | Reached skill level 1 in Poison Magic
  2783 | D:3      | Found a snail-covered altar of Cheibriados.
  2830 | D:3      | Reached skill level 4 in Spellcasting
  3277 | D:4      | Noticed a phantom
  3443 | D:5      | Entered Level 5 of the Dungeon
  3452 | D:5      | Noticed an ogre
  3475 | D:6      | HP: 1/27 [orc wizard/magic dart (7)]
  3487 | D:6      | Slain by an orc

Illustrated notes

Levels and vault maps discovered:
D:1:      minmay_arrival_five_plusses, layout_loops_corners
D:2:      layout_loops_cross, grunt_qazlal_clouds
D:3:      layout_loops_ring, lemuel_round_altar, first_ration,
          cheibriados_altar_1
D:4:      layout_rooms, marbit_many_paths, kennysheep_cross_room,
          minmay_pentangle
D:5:      layout_loops_ring, riverfiend_overflow_shadow_ancestor,
          nemelex_xobeh_ov_fountains_minmay
D:6:      gammafunk_steamed_eel, layout_gridville, lemuel_round_altar,
          grunt_temple_overflow_open, minmay_temple_entry_waves,
          gup_sewer_entry_pipe, serial_shops, shop, uniq_crazy_yiuf_cottage

Skill      XL: |  1  2  3  4 |
---------------+-------------+-----
Poison Magic   | 1 |  1.1
Spellcasting   | 4 |  4.1
Fighting       | |  0.8
Short Blades   | |  0.6
Dodging        | |  2.1
Stealth        | |  2.6
Conjurations   | |  1.9
Summonings     | |  1.0
Translocations | |  1.5
Air Magic      | |  0.3

Action                   |  1- 3 |  4- 6 || total
-------------------------+-------+-------++-------
Melee: Unarmed           |    10 |       ||    10
       Constrict         |    16 |    15 ||    31
       Dagger            |    20 |       ||    20
       Short sword       |    24 |    29 ||    53
       Tentacles         |     5 |     6 ||    11
       Rapier            |       |     8 ||     8
Throw: Dart              |       |     1 ||     1
 Cast: Magic Dart        |    64 |    21 ||    85
       Blink             |       |     4 ||     4
       Mephitic Cloud    |       |     1 ||     1
 Stab: Sleeping          |     7 |     2 ||     9
  Eat: Chunk             |     4 |     3 ||     7
Armor: Skin              |     5 |     4 ||     9
Dodge: Dodged            |    38 |    39 ||    77

Table legend:
 A = Non-vault XP
 B = Vault XP
 C = Vault XP percentage of total XP
 D = Non-vault monster count
 E = Vault monster count
 F = Vault count percentage of total count
                 A         B        C        D         E       F
            +---------+---------+-------+---------+---------+-------
      Total |     153 |       0 |   0.0 |      61 |       0 |   0.0
            +---------+---------+-------+---------+---------+-------
        D:1 |      32 |       0 |   0.0 |      18 |       0 |   0.0
        D:2 |      32 |       0 |   0.0 |      17 |       0 |   0.0
        D:3 |      82 |       0 |   0.0 |      23 |       0 |   0.0
        D:4 |       5 |       0 |   0.0 |       2 |       0 |   0.0
        D:6 |       2 |       0 |   0.0 |       1 |       0 |   0.0
            +---------+---------+-------+---------+---------+-------
